 Dungeon Crawl Stone Soup version 0.31.0-11-ge490571c62 (webtiles) character file.

Game seed: 10080073446379038569

45 browni3141 the Slasher (level 3, -3/45 HPs)
             Began as a Barachi Monk on Feb 3, 2024.
             Slain by a black bear (4 damage)
             ... on level 4 of the Dungeon.
             The game lasted 00:02:24 (337 turns).

browni3141 the Slasher (Barachi Monk)                Turns: 337, Time: 00:02:25

Health: -3/45      AC: 21    Str: 12    XL:     3   Next: 64%
Magic:  3/3        EV:  2    Int: 12    God:
Gold:   36         SH:  0    Dex: 14    Spells: 2/2 levels left

rFire   . . .        a - +0 falchion
rCold   . . .        d - orb {light}
rNeg    . . .        e - melded +0 chain mail
rPois   +            (helmet currently unavailable)
rElec   .            n - melded +0 cloak
rCorr   .            (gloves currently unavailable)
SInv    .            (boots currently unavailable)
Will    .....        (no amulet)
Stlth   +            (no ring)
HPRegen 0.27/turn    (no ring)
MPRegen 0.08/turn

%: no passive effects
@: tree-form, glowing
A: stationary, stasis, torment immunity, boosted hp, (amphibious), (slowness 1),
(strong legs 1), +LOS
a: no special abilities


You were on level 4 of the Dungeon.
You were a tree.
You visited 1 branch of the dungeon, and saw 4 of its levels.

You collected 36 gold pieces.

Inventory:

Hand Weapons
 a - a +0 falchion (weapon)
 o - a +0 sling
Armour
 b - a +0 robe
 d - an orb of light (worn)
 e - a +0 chain mail (melded)
 n - a +0 cloak (melded)
Scrolls
 f - a scroll of enchant weapon {unknown}
 g - a scroll of vulnerability {unknown}
 k - a scroll of identify {unknown}
 l - a scroll of amnesia {unknown}
 m - a scroll of poison {unknown}
Potions
 c - a potion of ambrosia
 i - a potion of mutation {unknown}
 j - a potion of haste {unknown}


   Skills:
 + Level 4.1 Fighting
 * Level 4.6 Long Blades
 + Level 1.5 Armour
 - Level 3.4 Dodging


You had 2 spell levels left.
You didn't know any spells.
Your spell library contained the following spells:

 Spells                   Type           Power      Damage    Failure   Level
 Sandblast                Erth           0%         2d4       32%         1
 Passwall                 Erth           0%         N/A       69%         3
 Stone Arrow              Conj/Erth      0%         3d7       69%         3
 Brom's Barrelling Bould  Conj/Erth      0%         2d3       97%         4


Dungeon Overview and Level Annotations

Branches:
Dungeon (4/15)
 Temple: D:4-7

Altars:


Innate Abilities, Weirdness & Mutations

You are a tree.
Your roots penetrate the ground, keeping you stationary.
You cannot be teleported.
You are immune to unholy pain and torment.
Your maximum health is greatly increased.
Your equipment is partially melded.
((You are amphibious.))
((You cover ground slowly.))
((You can hop short distances.))
You have an extended range of vision and can be seen from far away.


Message History

You hit the ball python.
You kill the ball python!
No target in view!
There is a stone staircase leading down here.
You climb downwards.
The kobold shouts!
There is a stone staircase leading up here.
A hobgoblin comes into view.
The hobgoblin shouts!
You hear a shout!
You hear an angry growl.
A hobgoblin comes into view.
The hobgoblin shouts!
A black bear comes into view.
The black bear growls angrily.
The kobold throws a poisoned dart.
The poisoned dart hits you!
You are poisoned.
A hobgoblin comes into view.
You see here a +0 dagger.
You feel very sick.
The kobold hits you with a +0 short sword.
You hit the kobold.
You kill the kobold!
You feel sick.
You hit the hobgoblin but do no damage.
You feel sick. The hobgoblin barely misses you.
The hobgoblin hits you but does no damage.
You hit the hobgoblin.
The hobgoblin is almost dead.
You feel sick. The hobgoblin barely misses you. x2
You feel sick.
You hit the hobgoblin.
You kill the hobgoblin!
You feel sick.
You feel sick.
You are no longer poisoned.
The black bear attacks as it pursues you!
The black bear bites you but does no damage.
The black bear claws you. The black bear barely misses you.
You hit the black bear.
The black bear is lightly wounded.
The black bear bites you.
The black bear claws you but does no damage. x2
It was a potion of lignification.
You turn into a tree.
Your +0 cloak melds into your body.
Your +0 chain mail melds into your body.
Your roots penetrate the ground.
The black bear barely misses you.
The black bear claws you but does no damage. x2
You hit the black bear.
The black bear is lightly wounded.
The black bear bites you but does no damage.
The black bear claws you but does no damage. x2
You hit the black bear.
The black bear is moderately wounded.
The black bear bites you but does no damage.
The black bear claws you but does no damage. x2
You hit the black bear.
The black bear is moderately wounded.
The black bear bites you but does no damage.
The black bear claws you.
The black bear claws you but does no damage.
You hit the black bear.
The black bear is heavily wounded.
The black bear bites you but does no damage.
The black bear claws you.
The black bear claws you but does no damage.
You barely miss the black bear.
The black bear is heavily wounded.
The black bear bites you but does no damage.
The black bear claws you but does no damage. x2
You slash the black bear!
The black bear is almost dead.
The black bear goes berserk!
You hit the black bear.
The black bear is almost dead.
The black bear bites you but does no damage.
The black bear claws you but does no damage. x2
The black bear bites you but does no damage.
The black bear claws you.
The black bear claws you but does no damage.
You barely miss the black bear.
The black bear is almost dead.
The black bear bites you but does no damage.
The black bear claws you but does no damage. x2
The black bear bites you. The black bear claws you. x2
You hit the black bear.
The black bear is almost dead.
The black bear bites you but does no damage.
The black bear completely misses you.
The black bear claws you but does no damage.
You hit the black bear.
The black bear is almost dead.
The black bear bites you but does no damage.
The black bear claws you but does no damage. x2
The black bear bites you but does no damage.
The black bear claws you but does no damage. x2
You hit the black bear but do no damage.
The black bear is almost dead.
The black bear bites you.
The black bear claws you but does no damage. x2
The black bear bites you.
You die...

#.# #.# ##.## #
#...#####..
#...#......
####..h....#
#<..).)g...#.###
#....g###.......
#....gh♣........
###..####.......
#.## ...... ....
[.... ###.##
.... #.# ... #..
.# .


You could see a black bear (berserk) and 2 hobgoblins.

Vanquished Creatures
  2 adders
  An endoplasm (D:2)
  A goblin (D:3)
  6 hobgoblins
  4 jackals (D:1)
  2 quokkas
  4 ball pythons
  A bat (D:1)
  A kobold (D:4)
  2 rats (D:1)
24 creatures vanquished.

Notes
Turn   | Place    | Note
-------+----------+-------------------------------------------
     0 | D:1      | browni3141 the Barachi Monk began the quest for the Orb.
     0 | D:1      | Reached XP level 1. HP: 18/18 MP: 1/1
    70 | D:2      | Reached XP level 2. HP: 13/25 MP: 2/2
   115 | D:1      | Reached skill level 1 in Armour
   142 | D:1      | Reached XP level 3. HP: 14/30 MP: 3/3
   317 | D:4      | Noticed a black bear
   337 | D:4      | HP: 1/45 [black bear (3)]
   337 | D:4      | Slain by a black bear

Illustrated notes

Levels and vault maps discovered:
D:1:      enne_arrival_octagon_isle, layout_basic
D:2:      minmay_skewed_foursquare, layout_rooms, serial_shops,
          nicolae_shop_hallway_plus
D:3:      layout_loops_cross, yredelemnul_forgotten_temple_becter,
          grunt_temple_overflow_open,
          dreamdust_ecumenical_altar_angels_and_demons, uniq_robin
D:4:      layout_rooms, uniq_blork_the_orc, uniq_sigmund, uniq_edmund,
          uniq_menkaure

Skill      XL: |  1  2 |
---------------+-------+-----
Long Blades    | 4 |  4.6
Armour         | 1 |  1.5
Fighting       | 4 |  4.1
Dodging        | |  3.4

Action                     || total
---------------------------++-------
  Melee: Falchion          ||    85
Ability: Hop               ||     2
    Use: Potion            ||     1
 Armour: Chain mail        ||    75
         Skin              ||    41
  Dodge: Dodged            ||    30
